 Dungeon Crawl Stone Soup version 0.27-a0-103-g6cd7b45605 (webtiles) character file.

Game seed: 9253489853402185133

40 foci the Chopper (level 3, -1/22 HPs)
             Began as a Gargoyle Gladiator on Jan 22, 2021.
             Slain by a worm (3 damage)
             ... on level 2 of the Dungeon.
             The game lasted 00:05:19 (1174 turns).

foci the Chopper (Gargoyle Gladiator)               Turns: 1174, Time: 00:05:20

Health: -1/22      AC:  8    Str: 14    XL:     3   Next: 50%
Magic:  3/3        EV: 12    Int:  8    God:
Gold:   108        SH:  0    Dex: 11    Spells: 2/2 levels left

rFire    . . .     SeeInvis .   a - +0 war axe
rCold    . . .     Faith    .   (no shield)
rNeg     + . .     Spirit   .   b - +0 leather armour
rPois    ∞         Reflect  .   c - +1 helmet
rElec    +         Harm     .   (no cloak)
rCorr    .         Rampage  .   (no gloves)
Will     .....                  (no boots)
Stlth    +.........             (no amulet)
HPRegen  0.07/turn              e - -4 ring of strength (curse)
MPRegen  0.08/turn              (no ring)

@: no status effects
A: negative energy resistance 1, electricity resistance, unbreathing,
petrification resistance, miasma immunity, AC +3
a: no special abilities


You were on level 2 of the Dungeon.
You visited 1 branch of the dungeon, and saw 2 of its levels.

You collected 108 gold pieces.

Inventory:

Hand Weapons
 a - a +0 war axe (weapon)
Missiles
 d - 3 throwing nets (quivered)
Armour
 b - a +0 leather armour (worn)
 c - a +1 helmet (worn)
Jewellery
 e - a cursed -4 ring of strength (left hand)
Scrolls
 g - a scroll of fog
Potions
 h - 3 potions of curing


   Skills:
 + Level 2.4 Fighting
 + Level 3.2 Axes
 + Level 1.8 Throwing
 + Level 1.0 Armour
 + Level 2.9 Dodging


You had 2 spell levels left.
You didn't know any spells.
Your spell library was empty.

Dungeon Overview and Level Annotations

Branches:
Dungeon (2/15)

Altars:


Innate Abilities, Weirdness & Mutations

You are resistant to torment.
Your stone body is resilient. (AC +3)
You are immune to poison.
You resist negative energy. (rN+)
You are resistant to electric shocks. (rElec)
You can survive without breathing.
You are immune to petrification.
You are immune to miasma.


Message History

The worm bites you.
You barely miss the worm.
The worm is moderately wounded.
You barely miss the worm.
The worm is moderately wounded.
The worm bites you!
You hit the worm but do no damage.
The worm is moderately wounded.
The worm bites you.
You hit the worm but do no damage.
The worm is lightly wounded.
The worm bites you!
* * * LOW HITPOINT WARNING * * *
You hit the worm but do no damage.
The worm is lightly wounded.
The worm bites you but does no damage.
You hit the worm.
The worm is moderately wounded.
The worm bites you.
You die...

......#,* #..#######*,*
.#.##.#,* #..# *,* .#.##.#.#
#..# *,* ........# ###..#
*,* ##.##.### ##.#..#####
*,* ##.##.# ##.#.......# *,*
†.....# ####.###.####.# *,*
##.####*######...##
##.#**^****,* #.#
*,,........@.#**,...,,,,,,,,
*#.#
*,*######.##w.#,,....,,,,,,,
*..#**,*
#.**.#.#*####.#****,
,...**,* #.**.### *,# *,
*#..**,* #.**.# *,* *,
≈*..,*,* **#.**.# *,*****,
≈*,,,*,* ***,..**.#
*****,**,,,, ≈*,,,,,*
*,,,..**.#***<,,,,,,,,,,
≈*,,,,,*
*,***,**,,,,,,,,,,**,***


You could see a worm.

Vanquished Creatures
  An adder (D:2)
  A dart slug (D:1)
  3 leopard geckos
  5 bats
  A giant cockroach (D:1)
  3 hobgoblins
  2 jackals (D:1)
  3 kobolds (D:2)
  2 frilled lizards
  4 rats
25 creatures vanquished.

Notes
Turn   | Place    | Note
-------+----------+-------------------------------------------
     0 | D:1      | foci the Gargoyle Gladiator began the quest for the Orb.
     0 | D:1      | Reached XP level 1. HP: 12/12 MP: 1/1
   173 | D:1      | Reached XP level 2. HP: 17/17 MP: 2/2
   902 | D:1      | Reached skill level 3 in Axes
  1021 | D:2      | Reached XP level 3. HP: 22/22 MP: 3/3
  1121 | D:2      | Reached skill level 1 in Armour
  1174 | D:2      | Slain by a worm

Illustrated notes

Levels and vault maps discovered:
D:1:      matt_arrival_spirals, layout_basic
D:2:      layout_loops_ring, general_overflow_altar, minmay_rat_gold_closets,
          uniq_robin

Skill      XL: |  1  2  3 |
---------------+----------+-----
Axes           | 3 |  3.2
Armour         | 1 |  1.0
Fighting       | |  2.4
Throwing       | |  1.8
Dodging        | |  2.9

Action                   || total
-------------------------++-------
Melee: War axe           ||    77
  Use: Scroll            ||     8
Armor: Leather armour    ||    64
Dodge: Dodged            ||    67

Table legend: (Time is in decaauts)
 A = Elapsed time spent in this place.
 B = Non-inter-level travel time spent in this place.
 C = Inter-level travel time spent in this place.
 D = Time resting spent in this place.
 E = Time spent auto-exploring this place.
 F = Levels seen in this place.
 G = Mean time per level.
                   A        B        C        D        E       F      G
               +--------+--------+--------+--------+--------+-----+--------+
         Total |   1200 |   1200 |      0 |    288 |      0 |   2 |  600.0 |
       Dungeon |   1200 |   1200 |      0 |    288 |      0 |   2 |  600.0 |
               +--------+--------+--------+--------+--------+-----+--------+

Top non-repeatable levels by time:
     D:1: 1017 daAuts
     D:2: 182 daAuts
